 Dungeon Crawl Stone Soup version 0.29-a0-542-g075992c915 (webtiles) character file.

Game seed: 17295516848188662731

77883 good the Peltast (level 16, -26/220 HPs)
             Began as a Meteoran Chaos Knight on June 4, 2022.
             Was a Plaything of Xom.
             Annihilated by a white ugly thing (30 damage)
             ... on level 15 of the Dungeon.
             The game lasted 02:21:21 (12352 turns).

good the Peltast (Meteoran Chaos Knight)           Turns: 12352, Time: 02:21:21

Health: -26/220    AC: 24    Str: 28    XL:     16   Next: 54%
Magic:  24/24      EV:  2    Int: 23    God:    Xom [.*....]
Gold:   2261       SH: 18    Dex: 11    Spells: 20/25 levels left

rFire   . . .      SeeInvis .   v - +0 eveningstar (flame)
rCold   . . .      Faith    .   o - +0 tower shield
rNeg    . . .      Spirit   .   (body armour currently unavailable)
rPois   +          Reflect  .   (helmet currently unavailable)
rElec   .          Harm     .   (cloak currently unavailable)
rCorr   .          Rampage  .   (gloves currently unavailable)
Will    ++...      NoTele   +   (boots currently unavailable)
Stlth   +.........              l - amulet of Qonuumm {Acrobat Str+9 Int+5}
HPRegen 0.46/turn               q - ring of the Hare {EV+8}
MPRegen 0.19/turn               U - ring of Fallacy {Str+4 Slay+4}

@: mighty, tree-form, wereblooded, corroded, glowing, unable to read
A: stationary, stasis, torment immunity, boosted hp, sense surroundings 2,
otherworldly, glowing, explore regen, (antennae 1), clumsy 2, (cold resistance
2), (deformed body), deterioration 1, weak 1, wild magic 1, inability to read
while threatened
a: Renounce Religion


You were on level 15 of the Dungeon.
You worshipped Xom.
You were a plaything of Xom.
You were a tree.
You visited 4 branches of the dungeon, and saw 26 of its levels.
You also visited: Gauntlet.

You collected 2729 gold pieces.
You spent 468 gold pieces at shops.

Inventory:

Hand Weapons
 u - the +2 whip "Tinegeaf" {antimagic, *Corrode Will++ Stlth+}
   (Xom gifted it to you on level 12 of the Dungeon)

   It reduces the magical energy of the wielder, and disrupts the spells and
   magical abilities of those it strikes.
   Natural abilities and divine invocations are not affected.
   *Corrode:  It may corrode you when you take damage.
   Will:      It greatly increases your willpower.
   Stlth:     It makes you more stealthy.
 v - a +0 eveningstar of flaming (weapon)
 X - the +4 dagger of Day {venom, rElec rF+ Will++}
   (You found it on level 1 of the Lair of Beasts)

   It poisons the flesh of those it strikes.
   rF:        It protects you from fire.
   rElec:     It insulates you from electricity.
   Will:      It greatly increases your willpower.
Missiles
 e - 9 javelins
 g - 32 poisoned darts (quivered)
 z - 13 boomerangs
 S - 2 curare-tipped darts
Armour
 a - a +1 hat of see invisible (melded)
 i - a +1 cloak (melded)
 o - a +0 tower shield (worn)
 H - a +2 pair of boots (melded)
 L - a +2 helmet
 P - +1 swamp dragon scales (melded)
 V - a +1 pair of gloves (melded)
Jewellery
 f - a +4 ring of protection
 j - a ring of protection from cold
 l - the amulet of Qonuumm (around neck) {Acrobat Str+9 Int+5}
   (You acquired it on level 6 of the Dungeon)

   [amulet of the acrobat]

   It increases your evasion while moving and waiting.
   Str:       It affects your strength (+9).
   Int:       It affects your intelligence (+5).
 q - the ring of the Hare (left branch) {EV+8}
   (You acquired it on level 6 of the Dungeon)

   [ring of evasion]

   EV:        It affects your evasion (+8).
 t - a +6 ring of dexterity
 y - the ring "Diw Qacla" {rElec Dex+6}
   (You found it in a Gauntlet)

   [ring of dexterity]

   Dex:       It affects your dexterity (+6).
   rElec:     It insulates you from electricity.
 K - an amulet of regeneration
 U - the ring of Fallacy (right branch) {Str+4 Slay+4}
   (You found it on level 9 of the Dungeon)

   [ring of slaying]

   Str:       It affects your strength (+4).
   Slay:      It affects your accuracy & damage with ranged weapons and melee
   (+4).
Wands
 r - a wand of paralysis (3)
 x - a wand of charming (5)
 I - a wand of flame (20)
 R - a wand of mindburst (22)
Scrolls
 b - a scroll of fear
 k - a scroll of amnesia
 m - 4 scrolls of brand weapon
 w - a scroll of immolation
 B - a scroll of blinking
 E - a scroll of vulnerability
 N - 2 scrolls of fog
 W - 2 scrolls of teleportation
Potions
 d - a potion of lignification
 h - a potion of might
 n - 2 potions of resistance
 A - 5 potions of cancellation
 G - 2 potions of flight
 J - a potion of brilliance
Miscellaneous
 c - a piece from Xom's chessboard (15/15)
 p - a phial of floods
 s - a box of beasts (inert)
 Q - a phial of floods


   Skills:
 - Level 14.6 Fighting
 + Level 15.7 Maces & Flails
 - Level 5.3 Throwing
 - Level 9.7 Armour
 - Level 9.6 Dodging
 + Level 15.8 Shields
 - Level 5.0 Spellcasting
 - Level 4.0 Translocations
 - Level 8.1 Transmutations
 - Level 4.0 Earth Magic
 - Level 7.4 Evocations


You had 20 spell levels left.
You knew the following spells:

 Your Spells              Type           Power      Damage    Failure   Level
b - Passwall              Tmut/Erth      35%        N/A       6%          2
c - Apportation           Tloc           62%        N/A       10%         1
e - Wereblood             Tmut           54%        N/A       3%          2

Your spell library contained the following spells:

 Spells                   Type           Power      Damage    Failure   Level
 Beastly Appendage        Tmut           100%       N/A       2%          1
 Spider Form              Tmut/Pois      31%        N/A       24%         3
 Petrify                  Tmut/Erth      43%        N/A       34%         4
 Foxfire                  Conj/Fire      28%        2x1d5     38%         1
 Ensorcelled Hibernation  Hex/Ice        14%        N/A       52%         2
 Static Discharge         Conj/Air       7%         N/A       52%         2
 Confusing Touch          Hex            7%         N/A       75%         3
 Conjure Flame            Conj/Fire      7%         6-21      75%         3
 Inner Flame              Hex/Fire       7%         N/A       75%         3
 Swiftness                Air            7%         N/A       75%         3
 Alistair's Intoxication  Tmut/Pois      20%        N/A       89%         5
 Yara's Violent Unravell  Hex/Tmut       15%        3d8       89%         5
 Anguish                  Hex/Necr       3%         N/A       98%         4
 Flame Wave               Conj/Fire      7%         2d5       98%         4
 Statue Form              Tmut/Erth      28%        N/A       99%         6
 Lightning Bolt           Conj/Air       3%         1d15      100%        5
 Dispersal                Tloc           15%        N/A       100%        6
 Enfeeble                 Hex            3%         N/A       100%        7
 Disjunction              Tloc           15%        N/A       100%        8
 Maxwell's Capacitive Co  Air            3%         ∞         100%        8


Dungeon Overview and Level Annotations

Branches:
Dungeon (15/15)            Temple (0/1) D:5            Lair (6/6) D:11
  Swamp (0/4) Lair:4        Snake (0/4) Lair:3        Slime (0/5) Lair:5
    Orc (2/2) D:10            Elf (3/3) Orc:2        Vaults (0/5) D:14
 Depths (0/4) D:15        Gauntlet (visited)

Altars:
Dithmenos
Kikubaaqudgha
Nemelex Xobeh
Qazlal
Vehumet
Xom

Shops:
D:9 =   Orc:2 :[   Elf:1 ==:

Annotations:
D:4 3 runed translucent doors, IdlyInterested's ghost, amateur DsGl
D:10 Josephine
D:14 Kirke
Orc:1 6 transporters


Innate Abilities, Weirdness & Mutations

You are a tree.
Your roots penetrate the ground, keeping you stationary.
You cannot be teleported.
You are immune to unholy pain and torment.
Your maximum health is greatly increased.
Your equipment is partially melded.
You passively map the area around you.
You are easily found by Zot.
You glow in the dark.
You regain HP and MP as you explore.
((You have a pair of small antennae on your head.))
You are very clumsy. (Dex -4)
((Your flesh is very cold resistant. (rC++)))
((Armour fits poorly on your strangely shaped body.))
Your body sometimes deteriorates upon taking damage.
You are weak. (Str -2)
Your spells are a little harder to cast, but a little more powerful.
You sometimes lose the ability to read scrolls when taking damage.


Message History

* * * LOW HITPOINT WARNING * * *
You block the centaur warrior's attack.
The centaur warrior kicks you but does no damage.
You beat the brown ugly thing like a drum!!!
You burn the brown ugly thing.
The brown ugly thing is severely wounded.
You creak as the wereblood boils in your veins!
The white ugly thing engulfs you but does no damage.
The brown ugly thing stings you!
* * * LOW HITPOINT WARNING * * *
You are splashed with acid!
* * * LOW HITPOINT WARNING * * *
The centaur warrior completely misses you.
You block the centaur warrior's attack. You block the cyclops's attack.
You impale the brown ugly thing!! You burn the brown ugly thing.
You feel a bit better.
You kill the brown ugly thing!
You block the centaur warrior's attack. x2
You block the white ugly thing's attack.
You sock the white ugly thing! You burn the white ugly thing.
The white ugly thing is lightly wounded.
You block the centaur warrior's attack. x2; You block the cyclops's attack.
You block the white ugly thing's attack.
The centaur warrior hits you but does no damage.
The centaur warrior kicks you but does no damage.
You impale the white ugly thing!! You burn the white ugly thing!
The white ugly thing is heavily wounded.
You block the white ugly thing's attack.
You block the centaur warrior's attack.
The centaur warrior kicks you but does no damage.
You block the cyclops's attack.
You closely miss the white ugly thing.
The white ugly thing is heavily wounded.
You block the centaur warrior's attack.
The centaur warrior completely misses you.
The white ugly thing engulfs you!
* * * LOW HITPOINT WARNING * * *
The white ugly thing freezes you!!
You die...
Xom laughs nastily!

u.≈,≈,≈,≈,≈,≈,* **,,,,,**<,,*
uu.≈,≈,≈,≈,≈,≈* **,,,,,,,***,,
≈.≈,≈,≈,≈,≈,≈,*#####,,*****,,***,
.≈.≈,≈,≈,≈,≈,≈*#...#,,*,,,*,,*,,,
≈.≈,≈,≈,≈,≈,≈,*#...#,,+,>,*,,+,**
.≈.≈.≈.≈.≈.≈,≈*#...#,,*,,,*,,****
≈.≈.≈.≈.≈.≈.≈.*#...#,,*****,,* *
.≈.≈.≈.≈.≈.≈°≈##.C.#*,,,,,,,**
≈.≈.≈.≈.≈.≈.○.##♣..#**,,,,,**
.≈.§.≈.≈.≈.≈○≈##uc.# *******
≈§u§≈.≈.≈.≈.§○##...#####***
§§§§§≈.≈.≈.u.......).....,*
§§§u≈.≈.≈.≈.S............,*
§§§§§≈5≈.≈.≈.............,*
§§§§≈.≈.≈.≈uS!...........,*
.≈.≈.≈.≈.≈.≈.............,*
≈.≈.≈.≈.≈.≈.≈............,*


You could see a white ugly thing, a centaur warrior and a cyclops.

Vanquished Creatures
  A deep elf demonologist (Elf:1)
  A fire dragon (Lair:6)
  Fannar (D:10)
  3 hydras
  Harold (Lair:2)
  2 boulder beetles
  2 centaur warriors (D:14)
  Erica (D:8)
  4 dancing weapons
  Urug (D:11)
  An anaconda (Lair:6)
  A two-headed ogre (Orc:2)
  A tengu warrior (D:14)
  2 death yaks (Lair:4)
  6 orc high priests
  A deep elf knight (Elf:1)
  A sixfirhy (Gauntlet)
  A swamp dragon (Lair:6)
  2 bog bodies (Lair:4)
  A deep elf archer (Elf:1)
  A lindwurm (shapeshifter) (Elf:1)
  4 ugly things
  4 deep elf zephyrmancers
  4 orc knights
  7 deep elf pyromancers
  3 cyclopes (D:13)
  A manticore (D:11)
  3 orc sorcerers
  4 elephants (Lair:6)
  A salamander (Lair:6)
  6 black mambas
  Maurice (Orc:1)
  3 torpor snails
  6 cane toads
  2 unseen horrors
  Maggie (D:10)
  2 kobold demonologists (D:13)
  A rime drake (Lair:5)
  A yaktaur (D:7)
  8 komodo dragons
  2 tengu conjurers (D:14)
  An efreet (D:15)
  13 polar bears
  A meliai (shapeshifter) (Lair:6)
  5 trolls
  2 raiju (Lair:6)
  A slime creature (Elf:1)
  14 blink frogs
  6 dream sheep
  A culicivora (shapeshifter) (D:15)
  2 water elementals
  3 wyverns
  A spriggan (D:13)
  35 yaks
  Sigmund (D:2)
  A vampire (D:12)
  2 humans
  4 basilisks (Lair:6)
  6 hogs
  2 wraiths
  A hog (shapeshifter) (D:2)
  2 steam dragons
  9 vampire mosquitoes
  3 wargs
  Menkaure (D:6)
  6 swamp worms
  3 nagas
  4 acid dragons
  16 hell hounds
  2 swamp drakes (Lair:6)
  16 water moccasins
  24 orc warriors
  A floating eye (shapeshifter) (Lair:3)
  2 ice beasts (D:6)
  A sky beast (D:7)
  15 black bears
  4 boggarts (D:14)
  4 ogres (Orc:2)
  18 wolves
  A centaur (D:8)
  A phantom (D:5)
  5 kobold brigands
  8 bullfrogs
  2 scorpions
  2 necrophages
  5 killer bees (D:8)
  A howler monkey (D:6)
  5 electric eels
  A crimson imp (D:13)
  A jelly (D:4)
  18 orc priests
  4 hounds
  Terence (D:2)
  5 iguanas
  25 orc wizards
  6 adders
  3 gnolls (D:5)
  A white imp (D:8)
  2 ufetubi (Gauntlet)
  A worm (D:2)
  A dart slug (D:5)
  69 orcs
  2 ball pythons
  7 endoplasms
  3 giant cockroaches
  5 goblins
  6 hobgoblins
  14 jackals
  2 quokkas (D:4)
  3 bats
  5 frilled lizards
  22 kobolds
  8 rats
  A toadstool (D:3)
578 creatures vanquished.

Vanquished Creatures (collateral kills)
  A minotaur (Gauntlet)
  A hydra (Lair:6)
  A deep elf knight (Elf:1)
  A black mamba (Lair:6)
  2 polar bears (Lair:6)
  2 yaks
  2 wargs (Lair:6)
  2 orc warriors (Orc:2)
  A black bear (Lair:6)
  2 wolves (Lair:6)
  A jelly (D:11)
  6 orc priests
  3 orc wizards (Orc:2)
25 creatures vanquished.

Vanquished Creatures (others)
  A dancing weapon (Elf:1)
  A komodo dragon (Lair:6)
  A polar bear (Lair:6)
  A water elemental (Elf:1)
  A basilisk (Lair:6)
  A vampire mosquito (Lair:6)
  A hell hound (Lair:6)
  A boggart (D:14)
  A hornet simulacrum (D:15)
  2 orc wizards (Orc:2)
  80 fungi
  87 plants
  9 toadstools
187 creatures vanquished.

Grand Total: 790 creatures vanquished

Notes
Turn   | Place    | Note
-------+----------+-------------------------------------------
     0 | D:1      | good the Meteoran Chaos Knight began the quest for the Orb.
     0 | D:1      | Reached XP level 1. HP: 19/19 MP: 2/2
   115 | D:1      | Reached XP level 2. HP: 17/27 MP: 3/3
   159 | D:1      | XOM: divination: detect items
   455 | D:1      | Reached XP level 3. HP: 32/33 MP: 4/4
   460 | D:1      | XOM: silly message
   487 | D:1      | Glimpsed the power of Zot.
   500 | D:1      | XOM: god gift: scroll labelled GUIMMO YCUARPH {god gift}
   537 | D:1      | Glimpsed the power of Zot.
   574 | D:2      | XOM: enchant monster (good)
   587 | D:2      | Found an ancient bone altar of Kikubaaqudgha.
   588 | D:2      | Noticed Terence
   614 | D:2      | Killed Terence
   615 | D:2      | Reached skill level 5 in Fighting
   615 | D:2      | Reached XP level 4. HP: 30/42 MP: 5/5
   771 | D:2      | Noticed a shapeshifter
   771 | D:2      | a goblin changed into a shapeshifter
   771 | D:2      | Noticed a hog
   771 | D:2      | a shapeshifter changed into a hog
   794 | D:2      | XOM: swap monsters
   803 | D:2      | Killed a hog
   804 | D:2      | Reached XP level 5. HP: 39/48 MP: 6/6
   804 | D:2      | Reached XP level 6. HP: 46/56 MP: 7/7
   850 | D:2      | Noticed Sigmund
   873 | D:2      | Killed Sigmund
   874 | D:2      | Reached XP level 7. HP: 20/61 MP: 8/8
  1133 | D:3      | XOM: polymorph rat -> adder
  1233 | D:3      | XOM: give mutations
  1233 | D:3      | Gained mutation: You sometimes lose the ability to read
                  | scrolls when taking damage. [Xom's mischief]
  1233 | D:3      | Gained mutation: Your magical capacity is low. (-10% MP)
                  | [Xom's mischief]
  1233 | D:3      | Gained mutation: Armour fits poorly on your strangely
                  | shaped body. [Xom's mischief]
  1570 | D:3      | XOM: divination: detect items
  1603 | D:4      | Found a runed translucent gate.
  1605 | D:4      | XOM: divination: magic mapping
  1612 | D:4      | Found a runed translucent gate.
  1613 | D:4      | Found a runed translucent gate.
  1613 | D:4      | Noticed IdlyInterested's ghost (amateur DsGl)
  1613 | D:4      | XOM: divination: detect items
  1873 | D:4      | XOM: silly message
  1913 | D:4      | XOM: enchant monster (bad)
  2148 | D:5      | Entered Level 5 of the Dungeon
  2164 | D:5      | Reached XP level 8. HP: 68/68 MP: 8/8
  2196 | D:5      | Reached skill level 10 in Maces & Flails
  2344 | D:5      | XOM: summons 1 hostile demon
  2420 | D:5      | Found a staircase to the Ecumenical Temple.
  2468 | D:5      | Learned a level 1 spell: Apportation
  2568 | D:5      | Learned a level 2 spell: Wereblood
  2601 | D:5      | XOM: god gift: 61 gold pieces
  2850 | D:5      | XOM: summons 4 friendly demons
  2869 | D:5      | Glimpsed the power of Zot.
  3085 | D:6      | Noticed a yak
  3085 | D:6      | Noticed a yak
  3085 | D:6      | Noticed a yak
  3086 | D:6      | Identified 3 scrolls of acquirement
  3086 | D:6      | Acquired the amulet "Odoixaph" {Faith rN+ Will++}
  3086 | D:6      | Noticed a yak
  3098 | D:6      | XOM: noise
  3102 | D:6      | XOM: summons 1 hostile shadow creature
  3107 | D:6      | XOM: swap monsters
  3118 | D:6      | Acquired the amulet of Qonuumm {Acrobat Str+9 Int+5}
  3140 | D:6      | Acquired the ring of the Hare {EV+8}
  3140 | D:6      | Found the ring of the Hare {EV+8}
  3194 | D:6      | XOM: confusion
  3207 | D:6      | XOM: polymorph black bear -> ice beast
  3210 | D:6      | XOM: enchant monster (bad)
  3214 | D:6      | Reached skill level 1 in Spellcasting
  3214 | D:6      | Reached skill level 1 in Translocations
  3214 | D:6      | Reached skill level 1 in Transmutations
  3218 | D:6      | XOM: enchant monster (bad)
  3252 | D:6      | Gained mutation: You passively map the area around you.
                  | [Meteoran growth]
  3252 | D:6      | Reached XP level 9. HP: 51/74 MP: 11/11
  3340 | D:6      | Noticed Menkaure
  3340 | D:6      | XOM: summons 1 hostile shadow creature
  3353 | D:6      | Killed Menkaure
  3509 | D:6      | Glimpsed the power of Zot.
  3624 | D:7      | XOM: give mutations
  3624 | D:7      | Lost mutation: You sometimes lose the ability to read
                  | scrolls when taking damage. [Xom's mischief]
  3624 | D:7      | Gained mutation: You occasionally shout uncontrollably at
                  | your foes. [Xom's mischief]
  3624 | D:7      | Gained mutation: You are dopey. (Int -2) [Xom's mischief]
  3624 | D:7      | Lost mutation: You occasionally shout uncontrollably at
                  | your foes. [Xom's mischief]
  3824 | D:7      | Found a huge runed translucent gate.
  3824 | D:7      | Found a huge runed translucent gate.
  3824 | D:7      | Found a huge runed translucent gate.
  3824 | D:7      | Noticed a polar bear
  3824 | D:7      | Noticed a polar bear
  3824 | D:7      | Noticed a polar bear
  3824 | D:7      | Noticed a polar bear
  3825 | D:7      | Found a huge runed translucent gate.
  3825 | D:7      | Noticed a polar bear
  3825 | D:7      | Noticed a polar bear
  3825 | D:7      | Noticed a polar bear
  3825 | D:7      | Noticed a dream sheep
  3849 | D:7      | XOM: summons 4 friendly demons
  3852 | D:7      | XOM: polymorph wyvern -> steam dragon
  3859 | D:7      | XOM: cast spell 'Summon Mana Viper'
  3861 | D:7      | Killed a polar bear
  3862 | D:7      | Reached skill level 1 in Shields
  3864 | D:7      | Killed a polar bear
  3865 | D:7      | Reached XP level 10. HP: 83/83 MP: 12/12
  3878 | D:7      | Reached skill level 5 in Armour
  3885 | D:7      | Reached skill level 5 in Dodging
  3903 | D:7      | Reached skill level 5 in Shields
  3931 | D:7      | Noticed a yaktaur
  3931 | D:7      | a polar bear changed into a yaktaur
  3931 | D:7      | XOM: polymorph polar bear -> yaktaur
  3947 | D:7      | Killed a yaktaur
  3988 | D:7      | XOM: divination: detect items
  4090 | D:7      | Reached XP level 11. HP: 92/92 MP: 13/13
  4185 | D:7      | Identified the +0 scale mail of Nuzam Boeke {Dex+3}
  4234 | D:8      | Noticed Erica
  4236 | D:8      | XOM: confuse monster(s)
  4246 | D:8      | Killed Erica
  4356 | D:8      | XOM: scenery: summon butterflies
  4362 | D:8      | XOM: enchant monster (good)
  4402 | D:8      | Noticed a two-headed ogre
  4406 | D:8      | Banished a two-headed ogre
  4504 | D:8      | XOM: polymorph kobold brigand -> human
  4507 | D:8      | XOM: enchant monster (good)
  4606 | D:8      | XOM: 8-stop teleportation journey
  4847 | D:8      | Glimpsed the power of Zot.
  4852 | D:8      | XOM: blink monster(s)
  4863 | D:8      | XOM: divination: detect creatures
  4908 | D:8      | Glimpsed the power of Zot.
  4967 | D:9      | XOM: divination: detect creatures
  4969 | D:9      | XOM: noise
  4995 | D:9      | Found a shadowy altar of Dithmenos.
  5004 | D:9      | Identified the ring of Fallacy {Str+4 Slay+4}
  5156 | D:9      | Found Gadel's Jewellery Shoppe.
  5309 | D:9      | XOM: summons friendly shadow imp
  5366 | D:10     | Entered Level 10 of the Dungeon
  5385 | D:10     | Noticed Fannar
  5385 | D:10     | XOM: cast spell 'Dispersal'
  5396 | D:10     | Killed Fannar
  5425 | D:10     | Noticed Josephine
  5434 | D:10     | XOM: enchant monster (bad)
  5441 | D:11     | Identified the +0 scale mail of Conscience {rCorr Int-2
                  | Slay+2}
  5457 | D:11     | Noticed Urug
  5480 | D:11     | XOM: blink monster(s)
  5483 | D:11     | XOM: enchant monster (bad)
  5503 | D:11     | XOM: stat loss: -1 Int (18/20)
  5509 | D:11     | XOM: enchant monster (good)
  5537 | D:11     | XOM: give mutations
  5537 | D:11     | Gained mutation: Your movements are slightly less
                  | encumbered by armour. (ER -2) [Xom's grace]
  5537 | D:11     | Gained mutation: Your flesh is heat resistant. (rF+) [Xom's
                  | grace]
  5537 | D:11     | Gained mutation: Your system is resistant to poisons.
                  | (rPois) [Xom's grace]
  5537 | D:11     | Gained mutation: You are agile. (Dex +2) [Xom's grace]
  5538 | D:11     | Lost mutation: You are agile. (Dex +2) [potion of mutation]
  5538 | D:11     | Lost mutation: You are dopey. (Int -2) [potion of mutation]
  5538 | D:11     | Lost mutation: Your system is resistant to poisons. (rPois)
                  | [potion of mutation]
  5538 | D:11     | Gained mutation: A frigid envelope surrounds you and
                  | freezes all who hurt you. [potion of mutation]
  5552 | D:11     | XOM: polymorph orc wizard -> jelly
  5558 | D:11     | XOM: cast spell 'Monstrous Menagerie'
  5562 | D:11     | Killed Urug
  5563 | D:11     | Reached skill level 10 in Shields
  5563 | D:11     | Reached XP level 12. HP: 86/103 MP: 14/14
  5598 | D:11     | Found a staircase to the Lair.
  5615 | Lair:1   | Entered Level 1 of the Lair of Beasts
  5750 | Lair:1   | Identified the +4 dagger of Day {venom, rElec rF+ Will++}
  5802 | Lair:2   | XOM: 8-stop teleportation journey
  5804 | Lair:2   | XOM: cleaving
  5805 | Lair:2   | XOM: cleaving
  5895 | Lair:2   | Noticed Harold
  5913 | Lair:2   | Killed Harold
  5983 | Lair:2   | XOM: destruction
  5994 | Lair:2   | XOM: potion effect (brilliance)
  5997 | Lair:2   | XOM: cast spell 'Metabolic Englaciation'
  5999 | Lair:2   | XOM: noise
  6075 | Lair:3   | XOM: silly message
  6085 | Lair:3   | Noticed a lindwurm
  6085 | Lair:3   | a glowing shapeshifter changed into a lindwurm
  6088 | Lair:3   | a lindwurm changed into a floating eye
  6121 | Lair:3   | Found a staircase to the Snake Pit.
  6163 | Lair:3   | XOM: give mutations
  6163 | Lair:3   | Gained mutation: You possess an exceptional clarity of
                  | mind. [Xom's grace]
  6163 | Lair:3   | Gained mutation: You have hidden genetic potential. [Xom's
                  | grace]
  6163 | Lair:3   | Lost mutation: Your magical capacity is low. (-10% MP)
                  | [Xom's grace]
  6265 | Lair:3   | Learned a level 2 spell: Passwall
  6307 | Lair:4   | XOM: polymorph water moccasin -> bullfrog
  6313 | Lair:4   | Noticed a death yak
  6313 | Lair:4   | Noticed a death yak
  6330 | Lair:5   | Reached XP level 13. HP: 108/108 MP: 18/18
  6331 | Lair:5   | XOM: enchant monster (good)
  6332 | Lair:5   | XOM: fog
  6341 | Lair:5   | Identified the +1 robe of Aveo {rN+}
  6350 | Lair:5   | XOM: cleaving
  6445 | Lair:5   | Noticed a ghost crab
  6445 | Lair:5   | Noticed an entropy weaver
  6461 | Lair:6   | Entered Level 6 of the Lair of Beasts
  6498 | Lair:6   | XOM: fog
  6518 | Lair:6   | Noticed a five-headed hydra
  6522 | Lair:6   | XOM: summons 7 friendly demons
  6525 | Lair:6   | Killed a five-headed hydra
  6540 | Lair:6   | Noticed a five-headed hydra
  6553 | Lair:6   | XOM: destruction
  6568 | Lair:6   | Reached skill level 5 in Spellcasting
  6574 | Lair:6   | Killed a five-headed hydra
  6681 | Lair:6   | XOM: polymorph elephant -> salamander
  6682 | Lair:6   | XOM: fog
  6688 | Lair:6   | XOM: scenery: summon butterflies
  6692 | Lair:6   | Reached skill level 10 in Fighting
  6692 | Lair:6   | Reached skill level 15 in Shields
  6702 | Lair:6   | Gained mutation: You have a pair of small antennae on your
                  | head. [hidden potential]
  6705 | Lair:6   | XOM: divination: detect items
  6710 | Lair:6   | XOM: summons 8 friendly demons
  6771 | Lair:6   | XOM: snakes to sticks
  6877 | Lair:6   | XOM: scenery: create altars
  6895 | Lair:6   | XOM: god gift: +2 ring mail of positive energy
  6928 | Lair:6   | Noticed a fire dragon
  6939 | Lair:6   | Killed a fire dragon
  6946 | Lair:6   | Reached XP level 14. HP: 117/126 MP: 22/22
  6981 | Lair:6   | XOM: 1-stop teleportation journey
  7008 | Lair:6   | XOM: scenery: create altars
  7041 | Lair:6   | XOM: fog
  7258 | Lair:6   | XOM: destruction
  7269 | Lair:6   | Reached skill level 1 in Evocations
  7272 | Lair:6   | Reached skill level 1 in Earth Magic
  7297 | Lair:6   | XOM: polymorph six-headed hydra -> shapeshifter
  7331 | Lair:6   | XOM: enchant monster (good)
  7434 | Lair:6   | XOM: enchant monster (good)
  7442 | Lair:6   | XOM: 1-stop teleportation journey
  7470 | Lair:6   | XOM: god gift: 58 gold pieces
  7477 | Lair:6   | XOM: summons friendly ufetubus
  7491 | Lair:6   | Reached skill level 5 in Transmutations
  7497 | Lair:6   | XOM: summons 6 friendly demons
  7498 | Lair:6   | XOM: potion effect (heal wounds)
  7535 | Lair:6   | XOM: enchant monster (good)
  7584 | Lair:6   | Lost mutation: You have hidden genetic potential. [potion
                  | of mutation]
  7584 | Lair:6   | Lost mutation: A frigid envelope surrounds you and freezes
                  | all who hurt you. [potion of mutation]
  7584 | Lair:6   | Gained mutation: You are partially covered in iridescent
                  | scales. (AC +2) [potion of mutation]
  7585 | Lair:6   | Lost mutation: You possess an exceptional clarity of mind.
                  | [potion of mutation]
  7585 | Lair:6   | Lost mutation: Your flesh is heat resistant. (rF+) [potion
                  | of mutation]
  7585 | Lair:6   | Gained mutation: You are strong-willed. (Will+) [potion of
                  | mutation]
  7586 | Lair:6   | Lost mutation: Your movements are slightly less encumbered
                  | by armour. (ER -2) [potion of mutation]
  7586 | Lair:6   | Lost mutation: You are strong-willed. (Will+) [potion of
                  | mutation]
  7586 | Lair:6   | Lost mutation: You are partially covered in iridescent
                  | scales. (AC +2) [potion of mutation]
  7586 | Lair:6   | Gained mutation: You sometimes lose the ability to read
                  | scrolls when taking damage. [potion of mutation]
  7586 | Lair:6   | Gained mutation: Your flesh is cold resistant. (rC+)
                  | [potion of mutation]
  7737 | Lair:6   | XOM: enchant monster (good)
  7768 | Lair:5   | Found a staircase to the Slime Pits.
  7815 | Lair:5   | XOM: cast spell 'Summon Small Mammal'
  7941 | Lair:4   | Reached skill level 5 in Evocations
  8012 | Lair:4   | XOM: noise
  8036 | Lair:4   | XOM: noise
  8047 | Lair:4   | Found a staircase to the Swamp.
  8163 | Lair:4   | XOM: confuse monster(s)
  8167 | Lair:4   | XOM: noise
  8180 | Lair:4   | XOM: divination: magic mapping
  8262 | Lair:4   | XOM: scenery: summon butterflies
  8332 | Lair:3   | Identified the +0 robe of Qinisioc {rPois Will+}
  8387 | Lair:3   | XOM: enchant monster (bad)
  8389 | Lair:3   | Reached skill level 1 in Throwing
  8513 | Lair:1   | XOM: potion effect (haste)
  8543 | Lair:1   | XOM: noise
  8549 | Lair:1   | XOM: cast spell 'Statue Form'
  8561 | Lair:1   | XOM: cast spell 'Cause Fear'
  8630 | Lair:1   | Reached XP level 15. HP: 127/137 MP: 21/23
  8630 | Lair:1   | XOM: blink monster(s)
  8656 | Lair:1   | XOM: silly message
  8826 | D:11     | Acquired a +0 eveningstar of flaming
  8932 | D:12     | XOM: god gift: bloodstained whip {god gift}
  8932 | D:12     | Identified the +2 whip "Tinegeaf" {antimagic, *Corrode
                  | Will++ Stlth+} (Xom gifted it to you on level 12 of the
                  | Dungeon)
  9007 | D:10     | Found a staircase to the Orcish Mines.
  9036 | Orc:1    | Entered Level 1 of the Orcish Mines
  9359 | Orc:1    | Found a transporter.
  9363 | Orc:1    | Found a transporter.
  9363 | Orc:1    | Found a transporter.
  9364 | Orc:1    | Found a sparkling altar of Nemelex Xobeh.
  9364 | Orc:1    | Noticed a juggernaut
  9369 | Orc:1    | Found a transporter.
  9370 | Orc:1    | Found a transporter.
  9371 | Orc:1    | Noticed Maurice
  9374 | Orc:1    | Found a transporter.
  9380 | Orc:1    | Killed Maurice
  9446 | Orc:1    | XOM: give mutations
  9446 | Orc:1    | Gained mutation: Your flesh is very cold resistant. (rC++)
                  | [Xom's grace]
  9446 | Orc:1    | Gained mutation: Your spells are a little harder to cast,
                  | but a little more powerful. [Xom's grace]
  9448 | Orc:1    | XOM: scenery: summon butterflies
  9485 | Orc:2    | Entered Level 2 of the Orcish Mines
  9489 | Orc:2    | XOM: god gift: +2 great mace of chaos
  9526 | Orc:2    | Gained mutation: Your body sometimes deteriorates upon
                  | taking damage. [a neqoxec]
  9646 | Orc:2    | XOM: chaos upgrade
  9684 | Orc:2    | XOM: 1-stop teleportation journey
  9767 | Orc:1    | XOM: cleaving
  9777 | Orc:1    | XOM: confusion
  9946 | Orc:2    | XOM: summons 6 hostile demons
  9963 | Orc:2    | Found a staircase to the Elven Halls.
  9972 | Elf:1    | Entered Level 1 of the Elven Halls
  9972 | Elf:1    | You fall into a shaft and drop 1 floor!
  9973 | Elf:2    | XOM: 1-stop teleportation journey
  9975 | Elf:2    | XOM: confusion
 10002 | Elf:3    | Entered Level 3 of the Elven Halls
 10050 | Elf:1    | XOM: give mutations
 10050 | Elf:1    | Gained mutation: You are clumsy. (Dex -2) [Xom's mischief]
 10050 | Elf:1    | Gained mutation: You are very clumsy. (Dex -4) [Xom's
                  | mischief]
 10050 | Elf:1    | Gained mutation: You are weak. (Str -2) [Xom's mischief]
 10065 | Elf:1    | XOM: noise
 10100 | Elf:1    | XOM: draining
 10118 | Elf:1    | Found Ecid's Book Shoppe.
 10118 | Elf:1    | Found Agoil's Jewellery Boutique.
 10119 | Elf:1    | XOM: polymorph deep elf zephyrmancer -> glowing
                  | shapeshifter
 10125 | Elf:1    | Found Dasiheph's Jewellery Boutique.
 10131 | Elf:1    | XOM: confuse monster(s)
 10173 | Elf:1    | Noticed a deep elf sorcerer
 10203 | Elf:1    | Paralysed by an air elemental for 1 turns
 10207 | Elf:1    | Paralysed by an air elemental for 1 turns
 10210 | Elf:1    | XOM: 1-stop teleportation journey
 10276 | Elf:1    | XOM: polymorph deep elf archer -> slime creature
 10282 | Elf:1    | Identified the +1 pair of boots of Teyrer {*Corrode rF++
                  | Int+10 Dex+2}
 10303 | Elf:1    | Found a radiant altar of Vehumet.
 10303 | Elf:1    | XOM: summons friendly white imp
 10320 | Elf:1    | XOM: noise
 10338 | Elf:1    | XOM: summons friendly ufetubus
 10391 | Orc:2    | XOM: potion effect (berserk rage)
 10397 | Orc:2    | XOM: potion effect (curing)
 10398 | Orc:2    | XOM: summons 8 friendly demons
 10418 | Orc:2    | XOM: blink monster(s)
 10430 | Orc:2    | Reached skill level 5 in Throwing
 10434 | Orc:2    | Reached XP level 16. HP: 96/146 MP: 24/24
 10445 | Orc:2    | Found Tufusolapou's Book Shoppe.
 10445 | Orc:2    | Found Miuzi's Antique Armour Emporium.
 10447 | Orc:2    | Found Liurchyg's Antique Weapon Emporium.
 10450 | Orc:2    | Found Neub's Assorted Antiques.
 10500 | Orc:2    | Glimpsed the power of Zot.
 10510 | Orc:2    | Bought a book of Lightning for 468 gold pieces
 10550 | Orc:2    | Glimpsed the power of Zot.
 10590 | Orc:1    | Glimpsed the power of Zot.
 10632 | D:10     | XOM: cast spell 'Summon Ice Beast'
 10638 | D:10     | Noticed Maggie
 10653 | D:10     | Killed Maggie
 10837 | D:11     | You fall into a shaft and drop 2 floors!
 10909 | D:13     | XOM: cleaving
 11022 | D:13     | XOM: fog
 11346 | D:13     | Identified the +7 flail "Niguoqent" {drain, rElec MP-9
                  | Str+3 Int+5}
 11479 | D:14     | Reached skill level 15 in Maces & Flails
 11820 | D:14     | XOM: confusion
 11828 | D:14     | HP: 11/220 [+4 long sword (13)]
 11885 | D:14     | Found a gate to the Vaults.
 11978 | D:14     | Found a stormy altar of Qazlal.
 11986 | D:14     | Noticed Kirke
 11989 | D:14     | XOM: enchant monster (good)
 12030 | D:15     | Entered Level 15 of the Dungeon
 12042 | D:15     | Found a gate leading to a gauntlet.
 12052 | D:15     | XOM: polymorph brown ugly thing -> cyan ugly thing
 12055 | D:15     | XOM: blink monster(s)
 12057 | Gauntlet | Entered a Gauntlet
 12057 | Gauntlet | Found a transporter.
 12057 | Gauntlet | Found a runed translucent door.
 12057 | Gauntlet | Found a runed translucent door.
 12057 | Gauntlet | Found a transporter.
 12057 | Gauntlet | Found a transporter.
 12058 | Gauntlet | Found a transporter.
 12059 | Gauntlet | Found a transporter.
 12062 | Gauntlet | Found a transporter.
 12078 | Gauntlet | Found a transporter.
 12080 | Gauntlet | Found a transporter.
 12081 | Gauntlet | Found a transporter.
 12083 | Gauntlet | Found a transporter.
 12089 | Gauntlet | Found a runed translucent door.
 12091 | Gauntlet | Found a runed translucent door.
 12093 | Gauntlet | Found a transporter.
 12094 | Gauntlet | Found a transporter.
 12189 | Gauntlet | XOM: potion effect (haste)
 12193 | Gauntlet | XOM: enchant monster (bad)
 12218 | Gauntlet | Got the Handbook of Mutagenic Beguiling
 12237 | Gauntlet | Identified the ring "Diw Qacla" {rElec Dex+6}
 12304 | D:15     | XOM: summons friendly iron imp
 12318 | D:15     | XOM: noise
 12348 | D:15     | HP: 7/220 [acid (7)]
 12352 | D:15     | Annihilated by a white ugly thing

Illustrated notes

Levels and vault maps discovered:
D:1:      spicycebolla_arrival_xxxplode, layout_loops_corners,
          skrybe_limestone_x
D:2:      cheibrodos_fertilizer, layout_rooms, basic_altar, uniq_sigmund,
          uniq_terence
D:3:      layout_basic, hellmonk_ecumenical_altar_crossroads,
          minmay_gold_behind_fungi
D:4:      layout_loops_ring, gammafunk_ghost_split
D:5:      layout_basic, minmay_temple_entry_fiery
D:6:      layout_gridville, uniq_menkaure
D:7:      lemuel_bear_cage, layout_loops_ring, kennysheep_small_circle
D:8:      layout_basic, uniq_erica
D:9:      layout_long_grid, mainiacjoe_overflow_chevrons, serial_shops,
          shop_statue
D:10:     layout_rooms, david_orc_2, minivault_19, serial_bayou_pond_d,
          uniq_fannar, uniq_maggie, uniq_josephine
D:11:     layout_roguey, due_lair_maze_entry_diamond, kennysheep_generic_room_5,
          uniq_urug
D:12:     layout_irregular_city, kennysheep_generic_room_6
D:13:     layout_roguey, hangedman_stone_soup
D:14:     layout_gridville, erik_vaults_1, nicolae_qazlal_scattered_showers,
          uniq_kirke
D:15:     grunt_enter_depths_magical_seal, layout_basic, gauntlet_entry_generic,
          minmay_misc_feat_alley
Lair:1:   layout_roguey, infiniplex_staircase_pool, uniq_sonja
Lair:2:   layout_loops_ring, st_stairs_6, serial_bayou_shore_a,
          grunt_megastairs_3, uniq_harold
Lair:3:   layout_regular_city, minmay_snake_entry_guardpost_small
Lair:4:   layout_regular_city, nicolae_swamp_entry_splash_gauntlet,
          lemuel_fruit_tree, grunt_megastairs_4, uniq_snorg
Lair:5:   gammafunk_mikee_crab_dinner, layout_cave_shapes, slime_dummy
Lair:6:   hangedman_lair_caniforms_friends, layout_long_grid,
          guppyfry_lair_end_dragon, pond, grunt_megastairs_2
Orc:1:    layout_diamond_mine, special_room [special_room_orc],
          hellmonk_jugg_or_not, uniq_maurice
Orc:2:    st_orc_mages, layout_diamond_mine
Elf:1:    eino_elf_arrival_altar, layout_rooms, minmay_elf_necromancy,
          minivault_5, grunt_ministairs_8, minmay_shop_grove
Elf:2:    nicolae_elf_blades_splatter_lattice
          [nicolae_blade_entry_hurt_lockers], layout_geoelf_grid,
          nicolae_elf_hall_of_bonks
Elf:3:    minmay_elf_hall_golems, layout_loops_cross, serial_shops, shop

Skill      XL: |  1  2  3  4  5  6  7  8  9 10 11 12 13 14 15 16 |
---------------+-------------------------------------------------+-----
Fighting       | 4 5 7 8 12 13 14 | 14.6
Maces & Flails | 6 8 9 11 14 15 | 15.7
Spellcasting   | 2 3 5 |  5.0
Translocations | 2 4 |  4.0
Transmutations | 2 4 7 8 |  8.1
Armour         | 3 6 7 8 9 |  9.7
Dodging        | 2 5 7 8 9 |  9.6
Shields        | 2 5 10 13 15 | 15.8
Evocations     | 5 7 |  7.4
Earth Magic    | 4 |  4.0
Throwing       | 1 5 |  5.3

Action                   |  1- 3 |  4- 6 |  7- 9 | 10-12 | 13-15 | 16-18 || total
-------------------------+-------+-------+-------+-------+-------+-------++-------
Melee: Mace              |   108 |    49 |    85 |       |       |       ||   242
       Punch             |     1 |       |     1 |     5 |       |       ||     7
       Flail             |       |       |    71 |   233 |   723 |       ||  1027
       Whip              |       |       |   172 |   234 |    41 |       ||   447
       Eveningstar       |       |       |       |       |   391 |   252 ||   643
Throw: Dart              |     4 |     4 |    32 |     5 |     8 |     3 ||    56
       Boomerang         |       |       |     1 |     3 |    20 |       ||    24
       Javelin           |       |       |       |       |     7 |     3 ||    10
       Throwing net      |       |       |       |       |     1 |     1 ||     2
 Cast: Wereblood         |       |       |     1 |     4 |    17 |     4 ||    26
       Apportation       |       |       |       |     9 |    18 |     2 ||    29
Evoke: Piece from Xom's  |     4 |    13 |     4 |     1 |     4 |       ||    26
       Wand              |       |       |       |    10 |    18 |    10 ||    38
       Phial of floods   |       |       |       |     1 |     1 |       ||     2
       Box of beasts     |       |       |       |       |     2 |     1 ||     3
  Use: Potion            |       |     5 |     2 |     9 |    14 |     9 ||    39
       Scroll            |       |     3 |    12 |     3 |     9 |    12 ||    39
 Stab: Paralysed         |     7 |     1 |       |       |     8 |     2 ||    18
       Petrified         |     3 |       |       |       |     2 |       ||     5
       Invisible         |     1 |       |     1 |       |       |       ||     2
       Sleeping          |       |     1 |       |       |       |       ||     1
       Confused          |       |       |       |     2 |     5 |       ||     7
       Petrifying        |       |       |       |     1 |     3 |       ||     4
       Held in net/web   |       |       |       |       |     1 |       ||     1
Armor: Leather armour    |    82 |    23 |   101 |       |       |       ||   206
       Ring mail         |       |       |    12 |    79 |    54 |       ||   145
       Skin              |       |       |       |    14 |    23 |    19 ||    56
       Swamp dragon scal |       |       |       |       |   232 |    77 ||   309
Dodge: Dodged            |    54 |    27 |   128 |   210 |   674 |   158 ||  1251
Block: Tower shield      |       |       |     2 |   166 |  1253 |   343 ||  1764

Table legend: (Time is in decaauts)
 A = Elapsed time spent in this place.
 B = Non-inter-level travel time spent in this place.
 C = Inter-level travel time spent in this place.
 D = Time resting spent in this place.
 E = Time spent auto-exploring this place.
 F = Levels seen in this place.
 G = Mean time per level.
                   A        B        C        D        E       F      G
               +--------+--------+--------+--------+--------+-----+--------+
         Total |  12098 |  10901 |   1197 |    131 |   1999 |  27 |  448.1 |
       Dungeon |   7233 |   6466 |    767 |     75 |   1457 |  15 |  482.2 |
          Lair |   3090 |   2756 |    334 |     14 |    271 |   6 |  515.0 |
  Orcish Mines |   1197 |   1108 |     89 |     28 |    271 |   2 |  598.5 |
   Elven Halls |    354 |    347 |      7 |      7 |      0 |   3 |  118.0 |
      Gauntlet |    222 |    222 |      0 |      7 |      0 |   1 |  222.0 |
               +--------+--------+--------+--------+--------+-----+--------+

Top non-repeatable levels by time:
  Lair:6: 1281 daAuts
     D:5: 735 daAuts
     D:8: 661 daAuts
   Orc:1: 653 daAuts
    D:13: 611 daAuts
     D:6: 595 daAuts
     D:7: 575 daAuts
    D:14: 574 daAuts
     D:3: 573 daAuts
     D:1: 552 daAuts
   Orc:2: 544 daAuts
     D:4: 542 daAuts
     D:2: 524 daAuts
  Lair:4: 478 daAuts
     D:9: 436 daAuts
